 Dungeon Crawl Stone Soup version 0.27.1-4-g1640c2035a (webtiles) character file.

Game seed: 8785474040277698218

11 zeram the Vexing (level 2, -4/15 HPs)
             Began as a Deep Elf Enchanter on Nov 18, 2021.
             Frozen to death by an endoplasm (5 damage)
             ... on level 1 of the Dungeon.
             The game lasted 00:01:34 (983 turns).

zeram the Vexing (Deep Elf Enchanter)                Turns: 983, Time: 00:01:35

Health: -4/15      AC:  2    Str:  5    XL:     2   Next: 13%
Magic:  7/8        EV: 12    Int: 19    God:
Gold:   8          SH:  0    Dex: 15    Spells: 6/7 levels left

rFire    . . .     SeeInvis .   a - +1 dagger
rCold    . . .     Faith    .   (no shield)
rNeg     . . .     Spirit   .   b - +0 robe
rPois    .         Reflect  .   (no helmet)
rElec    .         Harm     .   (no cloak)
rCorr    .         Rampage  .   (no gloves)
Will     .....                  (no boots)
Stlth    +++.......             (no amulet)
HPRegen  0.05/turn              (no ring)
MPRegen  0.11/turn              (no ring)

@: no status effects
A: no striking features
a: no special abilities


You were on level 1 of the Dungeon.
You visited 1 branch of the dungeon, and saw 1 of its levels.

You collected 8 gold pieces.

Inventory:

Hand Weapons
 a - a +1 dagger (weapon)
Armour
 b - a +0 robe (worn)
Scrolls
 e - a scroll of magic mapping {unknown}
 f - a scroll of identify {unknown}
Potions
 c - a potion of curing {unknown}
 d - a potion of ambrosia {unknown}


   Skills:
 + Level 1.0 Short Blades
 + Level 2.4 Dodging
 + Level 4.0 Stealth
 + Level 3.2 Spellcasting
 + Level 4.4 Hexes


You had 6 spell levels left.
You knew the following spells:

 Your Spells              Type           Power      Damage    Failure   Level
a - Corona                Hex            21%        N/A       2%          1

Your spell library contained the following spells:

 Spells                   Type           Power      Damage    Failure   Level
 Confusing Touch          Hex            19%        N/A       8%          3
 Tukima's Dance           Hex            19%        N/A       8%          3
 Ensorcelled Hibernation  Hex/Ice        22%        N/A       9%          2
 Dazzling Flash           Conj/Hex       22%        N/A       19%         3


Dungeon Overview and Level Annotations

Branches:
Dungeon (1/15)

Altars:


Message History

a +0 short sword; a kobold corpse An endoplasm and a hobgoblin come into view.
Found a dyed leather armour.
The endoplasm quivers. x2
The endoplasm freezes you.
You are frozen.
The endoplasm misses you. The endoplasm freezes you.
You are frozen.
A hobgoblin comes into view.
Casting: Corona (safe; 2% risk of failure)
Confirm with . or Enter, or press ? or * to list all spells.
Aiming: Corona (safe; 2% risk of failure)
Press: ? - help, Shift-Dir - straight line, f - endoplasm
Aim: an endoplasm (chance to affect: 73%)
The endoplasm is outlined in light.
The endoplasm freezes you.
You are frozen.
The helpless hobgoblin fails to defend itself.
You impale the hobgoblin!!
You kill the hobgoblin!
The endoplasm hits you.
You hit the endoplasm.
The endoplasm is moderately wounded.
The endoplasm closely misses you.
The endoplasm stops glowing.
Casting: Corona (safe; 2% risk of failure)
Confirm with . or Enter, or press ? or * to list all spells.
Aiming: Corona (safe; 2% risk of failure)
Press: ? - help, Shift-Dir - straight line, f/p - endoplasm
Aim: an endoplasm (moderately wounded, chance to affect: 73%)
The endoplasm barely resists.
The endoplasm freezes you.
You are frozen.
* * * LOW HITPOINT WARNING * * *
You barely miss the endoplasm.
The endoplasm is moderately wounded.
The endoplasm freezes you.
You are frozen.
You die...

.......########....#.........
..................>......#
...............#'####....#
.....#...................###.#
.....#............##.........
###..#...................####
###..#..........J..#.....# .
#..#.........#J#.###J..#
.##..#.........#@#.# #.###
..#..#.........#.#J###.#
..#..####.....##.#†..Jg#
..#..#
#÷#..###.###############
..#..#
#.#....................#
..'..#
#.#..#.......##........#
..#..#
#............##........#
..#..#
#####.)......##.########
#.#..# #........##.#


You could see 2 endoplasms.

Vanquished Creatures
  A ball python (D:1)
  An endoplasm (D:1)
  A goblin (D:1)
  2 hobgoblins (D:1)
  A quokka (D:1)
  A bat (D:1)
  2 kobolds (D:1)
  A rat (D:1)
10 creatures vanquished.

Notes
Turn   | Place    | Note
-------+----------+-------------------------------------------
     0 | D:1      | zeram the Deep Elf Enchanter began the quest for the Orb.
     0 | D:1      | Reached XP level 1. HP: 10/10 MP: 6/6
   617 | D:1      | Reached XP level 2. HP: 5/15 MP: 5/8
   983 | D:1      | Frozen to death by an endoplasm

Illustrated notes

Levels and vault maps discovered:
D:1:      dpeg_arrival_refuge, layout_basic

Skill      XL: |  1 |
---------------+----+-----
Stealth        | 4 |  4.0
Short Blades   | |  1.0
Dodging        | |  2.4
Spellcasting   | |  3.2
Hexes          | |  4.4

Action                   || total
-------------------------++-------
Melee: Dagger            ||    33
 Cast: Corona            ||     8
 Stab: Sleeping          ||     2
Armor: Robe              ||     9
Dodge: Dodged            ||    23
